Unix NetHack Version 5.0.0-0 post-release - last build May 31 2026 23:59:36 (970b52f25bf058293b47ddfd14a1e40e571c508c,branch:main).

Game began 2026-06-04 16:32:52, ended 2026-06-05 17:27:44.

Felix1, neutral male human Barbarian

                    #         -------              --------
                     #########-.....|              |.)....|
                             #|.....[##############".>....|
                             #|.....|              |......|
                           ###|.....|              |......|        ----------
                           # #|.....-##########[   --------        |@)))))))|
                           # #---|---                              +.m))).))|
                           # ##  #                                 |.u))))))|
                           #                                       |.)@)))))|
                          ##                                       |.)))))))|
                    ------#                 ----------             |.)))))))|
                    |.....#        `        |.....<...##           ----------
                    |....|##################.........|
                    |....|                  |........|
                    ------                  ----------

Felix1 the Bandit          St:18/04 Dx:17 Co:16 In:7 Wi:6 Ch:6  Neutral
Dlvl:8  $:579 HP:0(65) Pw:20(20) AC:5  Xp:7 T:4641 

Latest messages:
 Never mind.
 The stairs are solidly affixed.
 You don't know any spells right now.
 What do you want to use or apply? [bjmsyFJN or ?*] <esc>
 Never mind.
 Really step into that web? [yn] (n) n
 Really save? [yn] (n) y
 Saving...
 Restoring save file...
 Hello Felix1, the human Barbarian, welcome back to NetHack!
 Really step into that web? [yn] (n) y
 You stumble into a spider web!
 You disentangle yourself.
 You materialize in a different location!
 "Hello, Felix1!  Welcome again to Touverac's antique weapons outlet!"
 You see here a crossbow (for sale, 60 zorkmids).
 The black unicorn butts!
 The black unicorn misses!
 The black unicorn butts!
 The black unicorn just misses!
 You see here a chain mail (for sale, 113 zorkmids).
 The black unicorn butts!
 The black unicorn kicks!
 The black unicorn butts!
 The black unicorn kicks!
 That elven arrow is a small mimic!
 The black unicorn butts!
 The black unicorn kicks!
 The small mimic hits!
 The black unicorn just misses!
 The black unicorn kicks!
 You do not owe Touverac anything.
 The black unicorn butts!
 The black unicorn kicks!
 You see here a sling (for sale, 30 zorkmids).
 You do not owe Touverac anything.
 You see here a long sword (for sale, 23 zorkmids).
 Double run prefix, canceled.
 Double run prefix, canceled.
 Double run prefix, canceled.
 You see here a sling (for sale, 30 zorkmids).
 The black unicorn butts!
 The black unicorn kicks!
 You die...
 Touverac gratefully inherits all your possessions.
 Do you want to see what you had when you died? [ynq] (y) y
 Do you want to see your attributes? [ynq] (y) y
 Do you want an account of creatures vanquished? [ynaq] (y) y
 Do you want to see your conduct and achievements? [ynq] (y) y
 Do you want to see the dungeon overview? [ynq] (y) y

Inventory:
 Coins    ('$')
  $ - 579 gold pieces
 Weapons  (')')
  v - 11 +0 darts
  u - 2 +0 knives
  e - a +0 orcish dagger
  b - a +0 axe
  a - a +0 two-handed sword (weapon in hands)
 Armor    ('[')
  M - a cursed +0 helmet (being worn)
  K - an uncursed +0 pair of leather gloves (being worn)
  G - a cursed +2 pair of iron shoes
  L - a cursed +0 small shield
  E - an uncursed +0 dwarvish cloak
  c - an uncursed +0 ring mail (being worn)
 Comestibles  ('%')
  d - 3 uncursed food rations
  D - an uncursed tripe ration
 Scrolls  ('?')
  S - a cursed scroll of amnesia
  z - an uncursed scroll of confuse monster
  A - a blessed scroll of light
  p - a cursed scroll of light
  P - a cursed scroll of magic mapping
 Potions  ('!')
  I - a blessed potion of extra healing
  R - a cursed potion of gain energy
  o - an uncursed potion of gain level
  Q - a cursed potion of hallucination
  x - an uncursed potion of object detection
  q - an uncursed potion of see invisible
 Rings    ('=')
  O - a cursed -1 ring of adornment
 Wands    ('/')
  J - a cursed wand of digging (0:1)
  F - a cursed wand of magic missile (0:7)
  y - a wand of nothing (0:8)
  s - a wand of teleportation (0:4)
 Tools    ('(')
  m - a bag of tricks (0:15)
  j - an uncursed skeleton key
  N - an uncursed skeleton key
 Gems/Stones  ('*')
  H - an uncursed worthless piece of black glass
  B - 3 uncursed worthless pieces of white glass

Felix1 the Barbarian's attributes:

Background:
 You were a Bandit, a level 7 male human Barbarian.
 You were neutral, on a mission for Crom
 who was opposed by Mitra (lawful) and Set (chaotic).
 You were left-handed.
 You were in the Dungeons of Doom, on level 8.
 You entered the dungeon 4641 turns ago.
 You had 900 experience points, 380 more were needed to attain level 8.

Basics:
 You had 0 out of 65 hit points.
 You had all 20 energy points (spell power).
 Your armor class was 5.
 Your wallet contained 579 zorkmids.
 Autopickup was off.

Final Characteristics:
 Your strength was 18/04 (limit:18/100).
 Your dexterity was 17 (limit:18).
 Your constitution was 16 (limit:18).
 Your intelligence was 7 (limit:18).
 Your wisdom was 6 (peak:7, limit:18).
 Your charisma was 6 (limit:18).

Final Status:
 You weren't hungry.
 You were unencumbered.
 You were wielding a two-handed sword.
 You had basic skill with two-handed sword and could have enhanced that.

Final Attributes:
 You were piously aligned.
 You were poison resistant.
 You were telepathic.
 You could teleport.
 You were warded.
 You were fast.
 You are dead.

Miscellaneous:
 You encountered 1 bones level.
 Total elapsed playing time was 1 hour, 22 minutes and 20 seconds.

Major events:
 Turn
    1: Felix1 the neutral male human Barbarian entered the dungeon
 1274: attained the rank of Pillager (level 3)
 2524: entered Sokoban
 2543: attained the rank of Bandit (level 6)
 4641: killed by a black unicorn

You didn't know any spells.

Skills:
 Fighting Skills
   bare handed combat [Basic]
   two weapon combat  [Unskilled]
   riding             [Unskilled]
 Weapon Skills
   dagger             [Unskilled]
   axe                [Basic]
   pick-axe           [Unskilled]
   short sword        [Unskilled]
   broadsword         [Unskilled]
   long sword         [Unskilled]
   two-handed sword   [Basic]
   saber              [Unskilled]
   club               [Unskilled]
   mace               [Unskilled]
   morning star       [Unskilled]
   flail              [Unskilled]
   hammer             [Unskilled]
   quarterstaff       [Unskilled]
   spear              [Unskilled]
   trident            [Unskilled]
   bow                [Unskilled]
 Spellcasting Skills
   attack spells      [Unskilled]
   escape spells      [Unskilled]

Voluntary challenges:
 Character rerolling was not enabled.
 You were illiterate.
 You never genocided any monsters.
 You never polymorphed an object.
 You never changed form.
 You used no wishes.
 You did not violate any of the special Sokoban rules.
Achievements:
 You entered a shop.
 You attained the rank of Pillager.
 You entered Sokoban.
 You attained the rank of Bandit.

 The Dungeons of Doom: levels 1 to 9
    Level 1:
    Level 2:
    Level 3:
       A scroll shop, a fountain.
    Level 4:
       A general store, an altar to Crom.
    Level 5:
    Level 6:
       A fountain.
       Stairs up to Sokoban, level 5.
    Level 7:
       A fountain, a sink, a grave.
       Final resting place for
          azepol-Kni-Hum-Mal-Law, killed by a cave spider.
    Level 8: <- You were here.
       A weapon shop.
       Final resting place for
          you, killed by a black unicorn.
    Level 9:
 Sokoban:
    Level 5:
       Unsolved.


Vanquished creatures:
  a ghost
  a giant beetle
  5 leprechauns
  a giant spider
 an ice vortex
  a dingo
  a dog
  a dwarf leader
  a dust vortex
  3 human zombies
  a fire ant
  a bugbear
 an imp
  a wood nymph
  3 Mordor orcs
  2 orc shamans
  a rock piercer
  a pony
  2 yellow lights
  a kobold mummy
  a baby crocodile
  a floating eye
  a kitten
  a homunculus
  a kobold shaman
  3 rothes
  a rabid rat
  a monkey
  a wererat
  a werejackal
  4 iguanas
  2 coyotes
  a gas spore
  a large kobold
  a hobgoblin
  2 giant rats
  a cave spider
  2 yellow molds
  4 garter snakes
  2 geckos
  5 jackals
  3 foxes
  2 kobolds
  3 goblins
 14 grid bugs
  3 lichens
  3 newts
95 creatures vanquished.

No species were genocided or became extinct.

Game over:
                       ----------
                      /          \
                     /    REST    \
                    /      IN      \
                   /     PEACE      \
                  /                  \
                  |      Felix1      |
                  |      579 Au      |
                  |   killed by a    |
                  |  black unicorn   |
                  |                  |
                  |                  |
                  |       2026       |
                 *|     *  *  *      | *
        _________)/\\_//(\/(/\)/\//\/|_)_______

Goodbye Felix1 the Barbarian...

You died in The Dungeons of Doom on dungeon level 8 with 4522 points,
and 579 pieces of gold, after 4641 moves.
You were level 7 with a maximum of 65 hit points when you died.

